 Dungeon Crawl Stone Soup version 0.25.0-1-g7eea58d2a3 (webtiles) character file.

Game seed: 3819050928981898168

147 Delamore the Cudgeler (level 5, -7/32 HPs)
             Began as a Gargoyle Fighter on June 14, 2020.
             Was an Initiate of Okawaru.
             Mangled by an ogre
             ... wielding a +0 giant spiked club
              (13 damage)
             ... on level 3 of the Dungeon.
             The game lasted 00:02:58 (3016 turns).

Delamore the Cudgeler (Gargoyle Fighter)            Turns: 3016, Time: 00:02:58

Health: -7/32      AC: 12    Str: 20    XL:     5   Next: 29%
Magic:  5/5        EV:  7    Int:  9    God:    Okawaru [......]
Gold:   165        SH:  9    Dex:  9    Spells: 4/4 levels left

rFire    . . .     SeeInvis .   p - +1 whip (venom)
rCold    . . .     Gourm    .   c - +0 kite shield
rNeg     + . .     Faith    .   b - +0 scale mail
rPois    ∞         Spirit   .   (no helmet)
rElec    +         Reflect  .   (no cloak)
rCorr    .         Harm     .   u - +0 pair of gloves
MR       .....                  (no boots)
Stlth    ..........             (no amulet)
HPRegen  0.10/turn              (no ring)
MPRegen  0.09/turn              (no ring)

@: no status effects
A: negative energy resistance 1, electricity resistance, unbreathing,
petrification resistance, rot immunity, AC +4
a: Renounce Religion


You were on level 3 of the Dungeon.
You worshipped Okawaru.
Okawaru was noncommittal.
You were not hungry.

You visited 1 branch of the dungeon, and saw 4 of its levels.

You collected 165 gold pieces.

Inventory:

Hand Weapons
 a - a +0 flail
 p - a +1 whip of venom (weapon)
Armour
 b - a +0 scale mail (worn)
 c - a +0 kite shield (worn)
 u - a +0 pair of gloves (worn)
Jewellery
 h - an uncursed ring of protection from fire {unknown}
Wands
 q - a wand of acid (19)
Scrolls
 e - 4 scrolls of teleportation {unknown}
 j - a scroll of fear {unknown}
 l - 2 scrolls of magic mapping {unknown}
 n - a scroll of random uselessness {unknown}
 o - 3 scrolls of identify {unknown}
 t - a scroll of blinking {unknown}
 w - a scroll of remove curse {unknown}
 y - a scroll of enchant weapon {unknown}
Potions
 d - a potion of might
 g - 2 potions of flight {unknown}
 i - 2 potions of haste {unknown}
 k - a potion of lignification {unknown}
 m - a potion of cancellation {unknown}
 r - 2 potions of heal wounds {unknown}
 s - a potion of mutation {unknown}
 v - a potion of resistance {unknown}
 x - a potion of curing {unknown}
Comestibles
 f - 7 rations


   Skills:
 - Level 3.2 Fighting
 + Level 5.3 Maces & Flails
 - Level 3.2 Armour
 - Level 3.2 Shields


You had 4 spell levels left.
You didn't know any spells.
Your spell library was empty.

Dungeon Overview and Level Annotations

Branches:
Dungeon (4/15)
 Temple: D:4-7

Altars:
Okawaru


Innate Abilities, Weirdness & Mutations

You are resistant to torment.
Your stone body is resilient. (AC +4)
You are immune to poison.
You resist negative energy. (rN+)
You are resistant to electric shocks. (rElec)
You can survive without breathing.
You are immune to petrification.
You are immune to rotting.


Message History

The ogre hits you with a +0 giant spiked club!
There is a stone staircase leading up here.
Okay, then.
You hit the ogre.
The ogre is lightly wounded.
The ogre barely misses you.
Your shield and scale mail prevent you from hitting the ogre.
The ogre is lightly wounded.
The ogre hits you with a +0 giant spiked club!
Ouch! That really hurt!
* * * LOW HITPOINT WARNING * * *
You hit the ogre.
The ogre is poisoned.
The ogre is lightly wounded.
You barely miss the ogre.
The ogre is lightly wounded.
You block the ogre's attack.
You completely miss the ogre.
The ogre is lightly wounded.
The ogre hits you with a +0 giant spiked club!
You die...

..# #.#......# #.####### #.#
#.#.#....# #.# #.# #.#......# #.#
#.# #.#......# #.# ########
#.######.#.##...# #.# #...#...
.......#.......## #.######.#.#...
.......###.########........#.+...
.......# #.#....O###########.#...
.......# #......@# ####.....##
############.###.# #........##
.............# #.######........#.
################.#<...#........#.
...#.........O...####.#........#.
##.#.################.#........#.
.#.#..................#........+.
.#.#O.#################........#.
...............................#.


You could see an ogre (very poisoned).

Vanquished Creatures
  A bullfrog skeleton (D:4)
  3 gnolls (D:2)
  2 adders (D:2)
  4 worms (D:3)
  2 dart slugs (D:2)
  2 leopard geckos
  3 orcs
  A ball python (D:2)
  2 giant cockroaches
  3 goblins
  4 hobgoblins
  7 kobolds
  A quokka (D:3)
  13 bats
  5 frilled lizards
  8 rats
61 creatures vanquished.

Notes
Turn   | Place    | Note
-------+----------+-------------------------------------------
     0 | D:1      | Delamore the Gargoyle Fighter began the quest for the Orb.
     0 | D:1      | Reached XP level 1. HP: 14/14 MP: 1/1
   176 | D:1      | Reached XP level 2. HP: 19/19 MP: 2/2
   393 | D:1      | Reached skill level 3 in Maces & Flails
   907 | D:2      | Reached XP level 3. HP: 23/23 MP: 3/3
  1128 | D:2      | Reached skill level 4 in Maces & Flails
  1348 | D:2      | Reached XP level 4. HP: 25/28 MP: 4/4
  2086 | D:3      | Found an iron altar of Okawaru.
  2127 | D:3      | Became a worshipper of Warmaster Okawaru
  2324 | D:3      | Reached skill level 5 in Maces & Flails
  2571 | D:3      | Reached XP level 5. HP: 32/32 MP: 5/5
  2706 | D:4      | Noticed an ogre
  3016 | D:3      | Mangled by an ogre

Illustrated notes

Levels and vault maps discovered:
D:1:      matt_arrival_refuge, layout_basic
D:2:      layout_basic, serial_bayou_pond_a, mrwooster_statue_mirror
D:3:      layout_basic, okawaru_metal_pillars_3
D:4:      layout_rooms, first_ration

Skill      XL: |  1  2  3  4 |
---------------+-------------+-----
Maces & Flails | 3 4 5 |  5.3
Fighting       | |  3.2
Armour         | |  3.2
Shields        | |  3.2

Action                   |  1- 3 |  4- 6 || total
-------------------------+-------+-------++-------
Melee: Flail             |   102 |       ||   102
       Whip              |    38 |    90 ||   128
  Eat: Chunk             |     2 |     5 ||     7
Armor: Scale mail        |    75 |    34 ||   109
Dodge: Dodged            |    48 |    21 ||    69
Block: Kite shield       |    91 |    53 ||   144
